Map: Golden Wall LE

Players

Solar

  • Race: Zerg Zerg
  • Spawn Location: 7:00

Serral - Winner!

  • Race: Zerg Zerg
  • Spawn Location: 5:00

Event: StayAtHomestory Cup #2

VOD

Have the link to the VOD?

Description

Time

  • Played on: June 13, 2020, 5:04 p.m.
  • Length: 8:14

All games in this series

Show
View Real Time Build Order
Export as new Build Order

Solar Zerg 

Build Orders: Hatch First 

Get SALT Encoding   

  12  0:01  Drone  
  13  0:13  Overlord  
  13  0:17  Drone  
  14  0:32  Drone x2  
  16  0:49  Hatchery  
  15  0:52  Drone  
  15  0:56  Drone  
  17  0:59  Drone  
  18  1:09  Extractor  
  17  1:14  Spawning Pool  
  17  1:18  Drone  
  17  1:21  Drone  
  18  1:29  Drone  
  19  1:39  Drone  
  20  1:56  Overlord  
  20  2:01  Zergling x4  
  20  2:02  Queen  
  26  2:12  Zergling x4  
  28  2:23  Zergling x4  
  28  2:44  Hatchery  
  28  2:51  Overlord  
  27  3:04  Drone  
  27  3:05  Drone  
  29  3:11  Drone  
  29  3:14  Drone  
  29  3:18  Drone x2  
  32  3:24  Queen  
  34  3:31  Evolution Chamber, Drone  
  34  3:33  Drone  
  35  3:44  Roach Warren  
  35  3:46  Drone x2  
  36  3:51  Drone  
  37  3:57  Zerg Missile Weapons Level 1  
  37  3:58  Drone  
  37  4:02  Extractor  
  36  4:06  Drone x2  
  38  4:10  Overlord  
  38  4:11  Drone  
  39  4:20  Drone  
  40  4:26  Roach  
  40  4:29  Roach  
  40  4:30  Roach  
  46  4:34  Roach x2  
  46  4:37  Spine Crawler  
  49  4:39  Roach  
  49  4:44  Overlord  
  51  4:53  Overlord  
  51  4:56  Spine Crawler  
  51  4:57  Roach  
  52  5:04  Roach x4  
  60  5:09  Overlord  
  60  5:13  Roach x3  
  66  5:16  Roach  
  66  5:19  Roach  
  66  5:23  Roach  
  66  5:27  Roach x2  
  66  5:29  Roach  
  62  5:39  Roach  
  62  5:42  Roach  
  62  5:48  Roach  
  64  5:59  Hatchery  
  64  6:01  Lair  
  64  6:02  Drone  
  64  6:03  Drone x2  
  64  6:10  Overlord  
  64  6:17  Extractor, Drone x3  
  66  6:18  Drone  
  66  6:20  Drone  
  66  6:25  Drone  
  66  6:31  Queen  
  67  6:34  Roach  
  67  6:37  Roach  
  71  6:42  Roach  
  71  6:47  Roach x2  
  75  6:50  Roach  
  75  6:56  Roach, Ravager  
  77  7:04  Drone  
  76  7:12  Roach  
  76  7:16  Roach  
  76  7:18  Roach  
  76  7:22  Roach  
  81  7:28  Drone x2  
  82  7:32  Ravager  
  82  7:36  Overlord  
  83  7:38  Roach  
  85  7:45  Drone x2  
  85  7:47  Roach  
  85  7:50  Roach  
  89  7:54  Roach  
  89  7:55  Drone  
  89  7:57  Drone  
Show
View Real Time Build Order
Export as new Build Order

Serral Zerg - Winner!

Build Orders: Pool First 

Get SALT Encoding   

  12  0:17  Spawning Pool  
  11  0:22  Drone  
  11  0:26  Drone  
  13  0:31  Drone  
  14  0:40  Overlord  
  14  1:04  Zergling x4  
  14  1:05  Zergling x2  
  17  1:16  Zergling x2  
  18  1:20  Hatchery  
  17  1:27  Zergling x2  
  18  1:35  Queen  
  20  1:40  Drone  
  21  1:49  Overlord  
  21  1:59  Drone  
  22  2:10  Queen, Drone  
  25  2:20  Drone  
  23  2:31  Queen  
  23  2:34  Zergling x2  
  26  2:37  Zergling x2  
  26  2:42  Drone x3  
  26  2:43  Drone  
  31  2:51  Overlord  
  31  2:58  Zergling x2  
  32  3:00  Drone  
  32  3:14  Drone x2  
  32  3:15  Extractor x2  
  32  3:16  Drone  
  32  3:17  Drone  
  34  3:20  Drone x3  
  36  3:32  Roach Warren  
  36  3:33  Drone x2  
  37  3:38  Drone  
  37  3:39  Drone  
  40  3:41  Drone  
  40  3:47  Overlord  
  40  3:49  Drone  
  40  3:54  Overlord  
  41  4:12  Roach  
  41  4:13  Roach x4  
  41  4:16  Roach  
  41  4:17  Roach  
  59  4:24  Roach x2  
  59  4:30  Overlord  
  59  4:31  Evolution Chamber  
  58  4:50  Roach x4  
  66  4:59  Roach, Hatchery  
  67  5:02  Ravager  
  68  5:09  Overlord  
  65  5:27  Roach  
  65  5:28  Roach x5  
  75  5:33  Queen  
  71  5:38  Roach x2  
  69  5:50  Extractor, Drone x4  
  69  5:53  Queen  
  74  5:59  Zerg Missile Weapons Level 1  
  74  6:08  Overlord  
  74  6:14  Roach  
  74  6:15  Ravager  
  77  6:19  Overlord  
  77  6:21  Roach  
  77  6:25  Roach  
  81  6:31  Roach x2  
  85  6:39  Roach x2  
  91  6:40  Roach  
  91  6:42  Drone  
  92  6:47  Queen  
  92  6:52  Roach x2  
  98  6:55  Overlord  
  98  7:00  Overlord  
  98  7:06  Overlord x2  
  98  7:16  Roach x3  
  98  7:19  Ravager x2  
  98  7:20  Ravager  
  107  7:26  Roach x2  
  111  7:30  Overlord  
  111  7:32  Roach x2  
  115  7:38  Roach x2  
  118  7:51  Roach x4  
Tags
 
Add a new tag
Caveats
  • Supply blocks, unpowered buildings, or Contaminate may cause inaccurate times.
  • Supply counts are checked every 10 seconds.